 Dungeon Crawl Stone Soup version 0.26.0-15-gc6cd9f700b (webtiles) character file.

Game seed: 13478994424504307369

131 Acheron the Firebug (level 4, 0/39 HPs)
             Began as a Troll Fire Elementalist on Jan 16, 2021.
             Slain by an ufetubus (3 damage)
             ... summoned by Eustachio
             ... on level 4 of the Dungeon.
             The game lasted 00:07:33 (2156 turns).

Acheron the Firebug (Troll Fire Elementalist)       Turns: 2156, Time: 00:07:34

Health: 0/39       AC:  6    Str: 16    XL:     4   Next: 91%
Magic:  5/5        EV: 10    Int: 11    God:
Gold:   277        SH:  0    Dex: 11    Spells: 4/5 levels left

rFire    . . .     SeeInvis .     - Unarmed
rCold    . . .     Faith    .   (no shield)
rNeg     . . .     Spirit   .   a - +0 robe
rPois    .         Reflect  .   (helmet restricted)
rElec    .         Harm     .   (no cloak)
rCorr    .         Rampage  .   (gloves unavailable)
Will     .....                  (boots unavailable)
Stlth    ++........             (no amulet)
HPRegen  0.53/turn              (no ring)
MPRegen  0.09/turn              (no ring)

@: no status effects
A: large, unfitting armour, claws 3, regeneration 1, shaggy fur 1, tough skin 3
a: no special abilities


You were on level 4 of the Dungeon.
You visited 1 branch of the dungeon, and saw 5 of its levels.

You collected 277 gold pieces.

Inventory:

Hand Weapons
 v - a +0 war axe
Missiles
 o - 83 stones
 s - 11 poisoned darts (quivered)
Armour
 a - a +0 robe (worn)
 u - a scarf of invisibility
Jewellery
 i - an uncursed ring of ice {unknown}
 r - a cursed -4 ring of dexterity {unknown}
Scrolls
 e - 7 scrolls of identify {unknown}
 f - a scroll of enchant armour {unknown}
 g - 2 scrolls of teleportation {unknown}
 j - a scroll of blinking {unknown}
 l - 2 scrolls of remove curse {unknown}
 m - 2 scrolls of immolation {unknown}
 n - a scroll of noise {unknown}
Potions
 b - 2 potions of berserk rage {unknown}
 c - a potion of ambrosia {unknown}
 d - 3 potions of lignification {unknown}
 h - 2 potions of flight {unknown}
 k - 2 potions of curing {unknown}
 p - a potion of haste {unknown}
 q - a potion of heal wounds {unknown}
 t - a potion of invisibility {unknown}


   Skills:
 * Level 0.2 Fighting
 * Level 0.1 Throwing
 * Level 2.3 Dodging
 * Level 1.3 Stealth
 * Level 2.3 Unarmed Combat
 * Level 1.4 Spellcasting
 * Level 1.5 Conjurations
 + Level 2.4 Fire Magic


You had 4 spell levels left.
You knew the following spells:

 Your Spells              Type           Power        Failure   Level
a - Foxfire               Conj/Fire      20%          14%         1

Your spell library contained the following spells:

 Spells                   Type           Power        Failure   Level
 Conjure Flame            Conj/Fire      5%           38%         3
 Inner Flame              Hex/Fire       3%           50%         3
 Sticky Flame             Conj/Fire      5%           80%         4
 Fireball                 Conj/Fire      2%           98%         5


Dungeon Overview and Level Annotations

Branches:
Dungeon (5/15)
 Temple: D:4-7

Altars:
Ashenzari
The Shining One

Annotations:
D:3 1 transporter
D:4 Eustachio
D:5 Blork the orc


Innate Abilities, Weirdness & Mutations

You are too large for most types of armour.
You have claws for hands.
Your natural rate of healing is unusually fast.
You are covered in fur. (AC +1)
You have extremely tough skin. (AC +3)


Message History

The ufetubus hits you but does no damage. x2
You barely miss Eustachio.
Eustachio is heavily wounded.
The ufetubus hits you. The ufetubus closely misses you.
Eustachio hits you but does no damage.
The iron imp hits you but does no damage.
You closely miss Eustachio.
Eustachio is heavily wounded.
The ufetubus misses you. The ufetubus hits you. Eustachio closely misses you.
The iron imp hits you.
* * * LOW HITPOINT WARNING * * *
The ufetubus closely misses you. The ufetubus hits you.
* * * LOW HITPOINT WARNING * * *
There is a stone staircase leading up here.
The ufetubus hits you.
* * * LOW HITPOINT WARNING * * *
The ufetubus misses you. The iron imp hits you.
* * * LOW HITPOINT WARNING * * *
The ufetubus hits you.
You die...

.......#......##..............
.......#......####..##.....##
#................#..##.....#
...##.....##..........##...#
##..#.....##.##.....#.##...#
##..#...........#..........#
.............##.###......###
#............##.#55......#
.........#......@5.......#
.......#.#...#..#@.......#
#...##.#.#......#..........
.^<.##.#.#..##..#...........
#......#....##..#...........
#.......##.# #..#...###....
#..#.......# #.###### #..
#.......#### #.# #..........#
#.#


You could see Eustachio, 2 iron imps and an ufetubus (summoned).

Vanquished Creatures
  A centaur skeleton (D:4)
  A worker ant zombie (D:4)
  3 adders
  An ooze (D:2)
  A worm (D:2)
  3 dart slugs
  2 leopard geckos
  3 orcs
  A giant cockroach (D:2)
  7 goblins
  5 hobgoblins
  3 jackals (D:1)
  A quokka (D:4)
  A ball python (D:1)
  7 bats
  3 frilled lizards
  3 kobolds
  4 rats
50 creatures vanquished.

Notes
Turn   | Place    | Note
-------+----------+-------------------------------------------
     0 | D:1      | Acheron the Troll Fire Elementalist began the quest for the
                  | Orb.
     0 | D:1      | Reached XP level 1. HP: 16/16 MP: 1/1
   225 | D:1      | Reached XP level 2. HP: 24/24 MP: 2/2
   497 | D:1      | Reached skill level 1 in Unarmed Combat
   646 | D:1      | Reached XP level 3. HP: 31/31 MP: 4/4
   799 | D:2      | Reached skill level 1 in Conjurations
  1445 | D:2      | Reached XP level 4. HP: 34/39 MP: 5/5
  1577 | D:3      | Found a transporter.
  1696 | D:3      | Found a glowing golden altar of the Shining One.
  1889 | D:4      | Noticed Eustachio
  1903 | D:4      | Found a broken altar of Ashenzari.
  2006 | D:5      | Entered Level 5 of the Dungeon
  2046 | D:5      | Noticed Blork the orc
  2156 | D:4      | Slain by an ufetubus

Illustrated notes

Levels and vault maps discovered:
D:1:      dpeg_arrival_fog, layout_basic
D:2:      layout_loops_corners
D:3:      layout_loops_ring, gammafunk_ghost_mausoleum, tso_metal_star
D:4:      layout_basic, nicolae_ashenzari_panopticon, uniq_eustachio
D:5:      layout_basic, minmay_temple_entry_drinking_statues,
          uniq_blork_the_orc, uniq_pikel

Skill      XL: |  1  2  3  4 |
---------------+-------------+-----
Unarmed Combat | 1 2 |  2.3
Dodging        | 2 |  2.3
Conjurations   | 1 |  1.5
Fighting       | |  0.2
Throwing       | |  0.1
Stealth        | |  1.3
Spellcasting   | |  1.4
Fire Magic     | |  2.4

Action                   |  1- 3 |  4- 6 || total
-------------------------+-------+-------++-------
Melee: Unarmed           |   129 |    34 ||   163
       Punch             |     1 |       ||     1
 Stab: Sleeping          |     3 |       ||     3
Armor: Robe              |    42 |    10 ||    52
Dodge: Dodged            |    74 |    16 ||    90
